 Dungeon Crawl Stone Soup version 0.27-a0-668-gb5737ff2c0 (webtiles) character file.

Game seed: 16722642910803505155

4 tsouns the Skirmisher (level 1, 0/14 HPs)
             Began as a Kobold Fighter on Mar 17, 2021.
             Slain by a gnoll (4 damage)
             ... on level 1 of the Dungeon.
             The game lasted 00:00:45 (279 turns).

tsouns the Skirmisher (Kobold Fighter)               Turns: 279, Time: 00:00:46

Health: 0/14       AC:  5    Str: 13    XL:     1   Next: 66%
Magic:  1/1        EV:  9    Int:  9    God:
Gold:   0          SH:  8    Dex: 14    Spells: 0/0 levels left

rFire    . . .     SeeInvis .   a - +0 rapier
rCold    + . .     Faith    .   c - +0 kite shield
rNeg     . . .     Spirit   .   f - +0 ring mail {rC+}
rPois    .         Reflect  .   (no helmet)
rElec    .         Harm     .   (no cloak)
rCorr    .         Rampage  .   (no gloves)
Will     .....                  (no boots)
Stlth    ++........             (no amulet)
HPRegen  0.04/turn              (no ring)
MPRegen  0.07/turn              (no ring)

@: mighty
A: small, no large weapons, nightstalker 3
a: no special abilities


You were on level 1 of the Dungeon.
You visited 1 branch of the dungeon, and saw 1 of its levels.

Inventory:

Hand Weapons
 a - a +0 rapier (weapon)
Armour
 b - a +0 scale mail
 c - a +0 kite shield (worn)
 f - a +0 ring mail of cold resistance (worn)
Scrolls
 e - 2 scrolls of identify {unknown}
Potions
 g - a potion of flight {unknown}


   Skills:
 + Level 3.3 Fighting
 + Level 2.8 Short Blades
 - Level 2.4 Armour
 + Level 0.5 Stealth
 + Level 2.4 Shields


You couldn't memorise any spells.
You didn't know any spells.
Your spell library was empty.

Dungeon Overview and Level Annotations

Branches:
Dungeon (1/15)

Altars:

Shops:
D:1 *


Innate Abilities, Weirdness & Mutations

You are small and have problems with some larger weapons.
You are completely attuned to the shadows.


Message History

You hit the gnoll but do no damage. The gnoll barely misses you.
You barely miss the gnoll. The gnoll barely misses you.
You hit the gnoll.
The gnoll is lightly wounded.
You block the gnoll's attack.
A goblin comes into view. It is wielding a +0 dagger.
The gnoll hits you.
The goblin moves out of view.
You hit the gnoll but do no damage. You block the gnoll's attack.
You barely miss the gnoll. The gnoll closely misses you.
You puncture the gnoll!
The gnoll is heavily wounded.
You block the gnoll's attack. The gnoll closely misses you.
You closely miss the gnoll.
The gnoll is heavily wounded.
The goblin shouts!
The gnoll closely misses you.
You completely miss the gnoll.
The gnoll is heavily wounded.
The gnoll hits you. The goblin hits you with a +0 dagger.
You are too injured to fight recklessly!
You are too injured to fight recklessly!
You are too injured to fight recklessly!
You hit the gnoll but do no damage.
The gnoll is heavily wounded.
You block the gnoll's attack. The goblin hits you with a +0 dagger.
* * * LOW HITPOINT WARNING * * *
The gnoll hits you but does no damage.
Your shield and ring mail prevent you from hitting the gnoll.
The gnoll is heavily wounded.
The goblin completely misses you. You block the gnoll's attack.
You block the goblin's attack.
You feel very mighty all of a sudden. You block the gnoll's attack.
You block the goblin's attack.
You closely miss the gnoll.
The gnoll is heavily wounded.
You block the gnoll's attack. You block the goblin's attack.
You closely miss the gnoll.
The gnoll is heavily wounded.
The gnoll hits you.
You die...

#########
........# ###
#######.# #..
#.# #.# #.#
#g# #.# #@#
#.# ####g###
#.# #........
#.# #.##.####
#.# #.#....
#.#####.#..#.#
#.......# .#..
#.####### ###


You could see a gnoll and a goblin.

Vanquished Creatures
  A dart slug (D:1)
  A frilled lizard (D:1)
  A kobold (D:1)
3 creatures vanquished.

Notes
Turn   | Place    | Note
-------+----------+-------------------------------------------
     0 | D:1      | tsouns the Kobold Fighter began the quest for the Orb.
     0 | D:1      | Reached XP level 1. HP: 14/14 MP: 1/1
   103 | D:1      | Found Afaja's Assorted Antiques.
   279 | D:1      | Slain by a gnoll

Illustrated notes

Levels and vault maps discovered:
D:1:      ncdulo_watergridlock, layout_basic, serial_shops, nicolae_shop_stone

Action                   || total
-------------------------++-------
Melee: Rapier            ||    19
  Use: Potion            ||     1
 Stab: Sleeping          ||     1
Armor: Ring mail         ||     3
Dodge: Dodged            ||     9
Block: Kite shield       ||    14

Table legend: (Time is in decaauts)
 A = Elapsed time spent in this place.
 B = Non-inter-level travel time spent in this place.
 C = Inter-level travel time spent in this place.
 D = Time resting spent in this place.
 E = Time spent auto-exploring this place.
 F = Levels seen in this place.
 G = Mean time per level.
                   A        B        C        D        E       F      G
               +--------+--------+--------+--------+--------+-----+--------+
         Total |    285 |    285 |      0 |      0 |    208 |   1 |  285.0 |
       Dungeon |    285 |    285 |      0 |      0 |    208 |   1 |  285.0 |
               +--------+--------+--------+--------+--------+-----+--------+

Top non-repeatable levels by time:
     D:1: 285 daAuts
